 Dungeon Crawl Stone Soup version 0.21.0-37-g46506fa (webtiles) character file.

59 pk666 the Chopper (level 3, -1/52 HPs)
             Began as a Minotaur Berserker on Jan 31, 2018.
             Was a Believer of Trog.
             Killed from afar by a white imp (6 damage)
             ... with a puff of frost
             ... summoned by Natasha
             ... on level 3 of the Dungeon.
             The game lasted 00:02:54 (1354 turns).

pk666 the Chopper (Minotaur Berserker)              Turns: 1354, Time: 00:02:55

Health: -1/52      AC:  3    Str: 27    XL:     3   Next: 78%
Magic:  2/2        EV: 12    Int:  4    God:    Trog [**....]
Gold:   118        SH:  0    Dex:  9    Spells: 2/2 levels left

rFire    . . .     SeeInvis .   a - +0 hand axe
rCold    . . .     Gourm    .   (no shield)
rNeg     . . .     Faith    .   p - +0 leather armour
rPois    .         Spirit   .   (helmet restricted)
rElec    .         Reflect  .   f - scarf {cloud immunity}
rCorr    .         Harm     .   (no gloves)
MR       .....                  (no boots)
Stlth    ..........             (no amulet)
HPRegen  0.17/turn              (no ring)
MPRegen  0.08/turn              (no ring)

@: berserking, very quick
A: retaliatory headbutt, horns 2
a: Berserk, Trog's Hand, Burn Spellbooks, Renounce Religion


You were on level 3 of the Dungeon.
You worshipped Trog.
Trog was pleased with you.
You were very hungry.

You visited 1 branch of the dungeon, and saw 3 of its levels.

You collected 118 gold pieces.

Inventory:

Hand Weapons
 a - a +0 hand axe (weapon)
Armour
 f - a scarf of cloud immunity (worn)
 p - a +0 leather armour (worn)
Wands
 n - a wand of polymorph (11)
Scrolls
 d - 2 scrolls of teleportation {unknown}
 g - 2 scrolls of remove curse {unknown}
 i - a scroll of identify {unknown}
 k - 3 scrolls of amnesia {unknown}
 l - a scroll of immolation {unknown}
Potions
 e - 2 potions of curing {unknown}
 h - a potion of might {unknown}
 j - a potion of brilliance {unknown}
 m - a potion of flight {unknown}
 o - a potion of agility {unknown}
Comestibles
 c - 2 rations


   Skills:
 + Level 4.8 Fighting
 + Level 4.8 Axes
 - Level 2.4 Armour
 - Level 2.1 Dodging


You had 2 spell levels left.
You didn't know any spells.

Dungeon Overview and Level Annotations

Branches:
Dungeon (3/15)

Altars:
The Shining One

Annotations:
D:3 Natasha


Innate Abilities, Weirdness & Mutations

You reflexively headbutt those who attack you in melee.
You have a pair of horns on your head.


Message History

* * * LOW HITPOINT WARNING * * *
The white imp freezes you.
* * * LOW HITPOINT WARNING * * *
A red film seems to cover your vision as you go berserk!
You feel yourself moving faster!
You feel mighty!
You are feeling very hungry.
Natasha closely misses you.
The white imp grinds its teeth.
The white imp hits you but does no damage.
You closely miss Natasha. Your headbutt misses Natasha.
Natasha is almost dead.
You hit the white imp. Natasha claws you.
* * * LOW HITPOINT WARNING * * *
You barely miss Natasha.
Natasha is almost dead.
You barely miss the white imp.
The white imp shouts, "Face thy fugue, thou canting hell-hated gnoll-tail!"
The white imp gestures at you. The puff of frost hits you!
You die...

#........ #.......
#.....l # #.....
#.##...( #....o.
#...))# #########
#....5####........
#..$.olh@5.##
#.....####..##
#.##+## #..<# ..
##..# ## ....#
######


You could see Natasha, a white imp, a shadow imp, an orc and a leopard gecko.

Vanquished Creatures
  2 oozes (D:1)
  2 worms (D:2)
  A dart slug (D:1)
  2 leopard geckos
  4 orcs (D:3)
  2 bats (D:1)
  2 giant cockroaches (D:1)
  5 hobgoblins (D:1)
  3 jackals (D:2)
  A quokka (D:2)
  A ball python (D:1)
  2 frilled lizards
  4 goblins
  4 rats (D:1)
35 creatures vanquished.

Notes
Turn   | Place    | Note
-------+----------+-------------------------------------------
     0 | D:1      | pk666 the Minotaur Berserker began the quest for the Orb.
     0 | D:1      | Reached XP level 1. HP: 19/19 MP: 0/0
    75 | D:1      | Reached XP level 2. HP: 22/27 MP: 1/1
    83 | D:1      | HP: 1/27 [hobgoblin (2)]
   449 | D:1      | Found a glowing golden altar of the Shining One.
   525 | D:1      | Reached XP level 3. HP: 34/34 MP: 2/2
   779 | D:2      | Reached ** piety under Trog
  1339 | D:3      | Noticed Natasha
  1354 | D:3      | Killed from afar by a white imp

Skill      XL: |  1 |
---------------+----+-----
Fighting       | 4 |  4.8
Axes           | 4 |  4.8
Armour         | |  2.4
Dodging        | |  2.1

Action                   || total
-------------------------++-------
Melee: Hand axe          ||    82
       Headbutt          ||     6
Invok: Berserk           ||     1
  Eat: Chunk             ||     1
Armor: Animal skin       ||    10
       Leather armour    ||     1
Dodge: Dodged            ||    49
